 Dungeon Crawl Stone Soup version 0.30-a0-378-g86d51d8b50 (webtiles) character file.

Game seed: 6830954639303527769

84 Engwar the Trooper (level 4, -5/37 HPs)
             Began as a Hill Orc Hedge Wizard on Dec 1, 2022.
             Was a Believer of Jiyva.
             Slain by a wolf (10 damage)
             ... on level 3 of the Dungeon.
             The game lasted 00:06:43 (1632 turns).

Engwar the Trooper (Hill Orc Hedge Wizard)          Turns: 1632, Time: 00:06:43

Health: -5/37      AC:  3    Str: 12    XL:     4   Next: 45%
Magic:  7/7        EV: 11    Int: 16    God:    Jiyva [**....]
Gold:   98         SH:  0    Dex: 10    Spells: 1/7 levels left

rFire   . . .      SeeInvis .    b - +0 battleaxe
rCold   . . .      Faith    .    (shield currently unavailable)
rNeg    . . .      Spirit   .    i - +0 robe
rPois   .          Reflect  .    q - +0 helmet
rElec   .          Harm     .    (no cloak)
rCorr   +          Rampage  .    (no gloves)
Will    .....                    (no boots)
Stlth   ++........               (no amulet)
HPRegen 1.22/turn                (no ring)
MPRegen 0.40/turn                (no ring)

@: brilliant, attractive
A: no striking features
a: Renounce Religion


You were on level 3 of the Dungeon.
You worshipped Jiyva.
Jiyva was pleased with you.
You visited 1 branch of the dungeon, and saw 3 of its levels.

You collected 98 gold pieces.

Inventory:

Hand Weapons
 a - a +0 sling
 b - a +0 battleaxe (weapon)
Missiles
 j - 28 stones
Armour
 i - a +0 robe (worn)
 q - a +0 helmet (worn)
Wands
 n - a wand of polymorph (9)
Scrolls
 c - 3 scrolls of torment {unknown}
 f - a scroll of brand weapon {unknown}
 h - a scroll of identify {unknown}
 m - a scroll of fear {unknown}
 p - a scroll of enchant armour {unknown}
Potions
 d - a potion of magic
 e - a potion of haste {unknown}
 g - a potion of curing
 k - a potion of attraction
 l - a potion of degeneration {unknown}
 o - 2 potions of brilliance


   Skills:
 + Level 2.7 Fighting
 + Level 2.4 Axes
 + Level 2.4 Armour
 - Level 1.5 Dodging
 - Level 1.5 Stealth
 - Level 2.4 Spellcasting
 - Level 1.0 Conjurations
 - Level 1.0 Summonings
 - Level 0.7 Translocations


You had one spell level left.
You knew the following spells:

 Your Spells              Type           Power      Damage    Failure   Level
a - Magic Dart            Conj           28%        1d4       13%         1
b - Slow                  Hex            8%         N/A       21%         1
c - Call Imp              Summ           7%         N/A       21%         2
d - Blink                 Tloc           12%        N/A       22%         2

Your spell library contained the following spells:

 Spells                   Type           Power      Damage    Failure   Level
 Summon Small Mammal      Summ           28%        N/A       13%         1
 Apportation              Tloc           12%        N/A       16%         1
 Necrotise                Necr           8%         1d4       21%         1
 Cigotuvi's Dreadful Rot  Necr/Pois/Air  4%         N/A       30%         2
 Stone Arrow              Conj/Erth      10%        3d7       43%         3
 Mephitic Cloud           Conj/Pois/Air  4%         N/A       45%         3
 Animate Armour           Summ/Erth      10%        N/A       85%         4
 Lehudib's Crystal Spear  Conj/Erth      2%         10d2      100%        8


Dungeon Overview and Level Annotations

Branches:
Dungeon (3/15)

Altars:
Jiyva


Message History

The orc hits the jelly with a +2 hand axe of venom.
The orc is burned by acid!
The jelly hits the orc.
The orc is splashed with acid!
The orc dies!
You are too injured to fight recklessly!
It was a potion of brilliance.
You feel clever all of a sudden.
* * * LOW HITPOINT WARNING * * *
You feel very sick.
The orc wizard hits you with a +0 great sword.
* * * LOW HITPOINT WARNING * * *
It was a potion of attraction.
You feel attractive to monsters.
* * * LOW HITPOINT WARNING * * *
You feel very sick. The orc wizard barely misses you.
You hear a slurping noise.
The jelly is attracted toward you.
It was a potion of curing.
You feel better. The orc wizard closely misses you.
You hit the orc wizard.
The orc wizard is lightly wounded.
The orc wizard hits you with a +0 great sword!
* * * LOW HITPOINT WARNING * * *
The orc wizard attacks as you move away!
The orc wizard closely misses you.
Things that are here:
a +0 dagger; a scroll labelled IHIETA POCUGEX; an orc corpse
Okay, then.
Aiming: Polymorph
Press: ? - help, Shift-Dir - straight line, f - orc wizard
Aim: an orc wizard, wielding a +0 great sword and wearing a +0 robe (lightly wounded, will become a wolf, a howler monkey, or a hound, chance to affect: 49%)
The orc wizard resists with some effort.
The orc wizard closely misses you.
The jelly closely misses the orc wizard.
Aiming: Polymorph
Press: ? - help, Shift-Dir - straight line, f/p - orc wizard
Aim: an orc wizard, wielding a +0 great sword and wearing a +0 robe (lightly wounded, will become a wolf, a howler monkey, or a hound, chance to affect: 49%)
The orc wizard evaporates and reforms as a wolf!
The wolf bites you!
You die...

#...###.### ##.##........
#.# #...# #.##.###...# #.#
###.# ###.##.####.## #.#
#.## ##......##...##
#####.#
#..####..#..####....>
......#
##..##..##........#.#
###..##
##........#.###.##.#
#.....#####
##.#######.###.#..#
#.###.....# #@# #..##.#.##
..#######.### ##h#
##.##.#.# ..†## #...# #J.#
#.##.#.# ##..###
###.###.## #......#
##...## #..#..# ###...##
###..## ##...## ###..##
##..#####..# ##....#
##..##....## #####..##.# #
###.....##..####.....###.#


You could see a wolf and a neutral jelly (wandering) (fellow slime).

Vanquished Creatures
  A hound (D:3)
  2 adders
  A dart slug (D:3)
  An orc (D:3)
  2 ball pythons
  3 bats
  5 goblins
  6 hobgoblins
  2 jackals (D:2)
  3 frilled lizards
  2 kobolds
  3 rats
31 creatures vanquished.

Vanquished Creatures (others)
  A worm (D:2)
  An orc (D:3)
  A ball python (D:2)
  A goblin (D:2)
4 creatures vanquished.

Grand Total: 35 creatures vanquished

Notes
Turn   | Place    | Note
-------+----------+-------------------------------------------
     0 | D:1      | Engwar the Hill Orc Hedge Wizard began the quest for the
                  | Orb.
     0 | D:1      | Reached XP level 1. HP: 14/14 MP: 3/3
     2 | D:1      | Learned a level 1 spell: Slow
   181 | D:1      | Reached skill level 1 in Fighting
   248 | D:1      | Reached skill level 1 in Armour
   248 | D:1      | Reached XP level 2. HP: 11/23 MP: 5/5
   258 | D:1      | Learned a level 2 spell: Call Imp
   846 | D:2      | Found a faded altar of an unknown god.
   882 | D:2      | Reached skill level 1 in Axes
   882 | D:2      | Reached XP level 3. HP: 7/29 MP: 6/6
   981 | D:2      | Learned a level 2 spell: Blink
   994 | D:2      | Prayed at the altar of an unknown god.
   994 | D:2      | Became a worshipper of Jiyva Jegui the Shapeless
   994 | D:2      | Reached * piety under Jiyva
  1404 | D:3      | Reached ** piety under Jiyva
  1571 | D:3      | Reached XP level 4. HP: 31/37 MP: 7/7
  1632 | D:3      | an orc wizard changed into a wolf
  1632 | D:3      | Noticed a wolf
  1632 | D:3      | Slain by a wolf

Illustrated notes

Levels and vault maps discovered:
D:1:      lightli_arrival_lavapool, layout_loops_ring
D:2:      layout_basic, hellmonk_ecumenical_altar_lost_god
D:3:      layout_rooms

Skill      XL: |  1  2  3 |
---------------+----------+-----
Fighting       | 1 2 |  2.7
Armour         | 1 2 |  2.4
Axes           | 1 2 |  2.4
Dodging        | |  1.5
Stealth        | |  1.5
Spellcasting   | |  2.4
Conjurations   | |  1.0
Summonings     | |  1.0
Translocations | |  0.7

Action                   |  1- 3 |  4- 6 || total
-------------------------+-------+-------++-------
Melee: Dagger            |    35 |       ||    35
       Hand axe          |    69 |       ||    69
       Battleaxe         |    17 |     8 ||    25
 Fire: Sling             |     3 |       ||     3
Evoke: Wand              |       |     2 ||     2
  Use: Potion            |       |     3 ||     3
Armor: Robe              |    34 |     2 ||    36
Dodge: Dodged            |    78 |    13 ||    91

Table legend: (Time is in decaauts)
 A = Elapsed time spent in this place.
 B = Non-inter-level travel time spent in this place.
 C = Inter-level travel time spent in this place.
 D = Time resting spent in this place.
 E = Time spent auto-exploring this place.
 F = Levels seen in this place.
 G = Mean time per level.
                   A        B        C        D        E       F      G
               +--------+--------+--------+--------+--------+-----+--------+
         Total |   1663 |   1611 |     52 |     95 |   1097 |   3 |  554.3 |
       Dungeon |   1663 |   1611 |     52 |     95 |   1097 |   3 |  554.3 |
               +--------+--------+--------+--------+--------+-----+--------+

Top non-repeatable levels by time:
     D:1: 688 daAuts
     D:2: 636 daAuts
     D:3: 338 daAuts
